 Dungeon Crawl Stone Soup version 0.20.1-1-g8b1a95d (webtiles) character file.

53 n0claF the Skirmisher (level 3, -5/30 HPs)
             Began as a Demonspawn Abyssal Knight on Oct 30, 2017.
             Was a Believer of Lugonu.
             Slain by a gnoll
             ... wielding a +0 spear
              (9 damage)
             ... on level 2 of the Dungeon.
             The game lasted 00:03:38 (1593 turns).

n0claF the Skirmisher (Demonspawn Abyssal Knight)   Turns: 1593, Time: 00:03:39

Health: -5/30      AC:  3    Str: 13    XL:     3   Next: 62%
Magic:  2/4        EV: 11    Int: 13    God:    Lugonu [**....]
Gold:   100        SH:  0    Dex: 12    Spells: 2/2 levels left

rFire    . . .     SeeInvis .   a - +1 mace
rCold    . . .     Gourm    .   (no shield)
rNeg     . . .     Faith    .   b - +0 leather armour
rPois    .         Spirit   .   (helmet restricted)
rElec    .         Reflect  .   (no cloak)
rCorr    .         Harm     .   (no gloves)
MR       .....                  (no boots)
Stlth    ++........             (no amulet)
Regen    0.1/turn               (no ring)
MPRegen  0.1/turn               (no ring)

@: no status effects
A: horns 1, nightstalker 1
a: Depart the Abyss, Bend Space, Renounce Religion


You were on level 2 of the Dungeon.
You worshipped Lugonu.
Lugonu was pleased with you.
You were very hungry.

You visited 1 branch of the dungeon, and saw 2 of its levels.
You visited the Abyss 1 time.

You collected 100 gold pieces.

Inventory:

Hand Weapons
 a - a +1 mace (weapon)
Armour
 b - a +0 leather armour (worn)
Scrolls
 d - 3 scrolls of immolation {unknown}
 e - 2 scrolls of identify {unknown}
 g - a scroll of enchant weapon {unknown}
 h - a scroll of teleportation {unknown}
 k - a scroll of fear {unknown}
 l - a scroll of remove curse {unknown}
Potions
 f - a potion of heal wounds {unknown}
 i - 2 potions of curing {unknown}
 j - a potion of agility {unknown}
 m - a potion of berserk rage {unknown}
Comestibles
 c - a bread ration
 n - 2 meat rations


   Skills:
 + Level 3.7 Fighting
 + Level 2.4 Maces & Flails
 + Level 2.2 Armour
 + Level 1.1 Dodging
 + Level 0.2 Stealth
 + Level 2.5 Invocations


You had 2 spell levels left.
You didn't know any spells.

Dungeon Overview and Level Annotations

Branches:
Dungeon (2/15)

Altars:
Ashenzari
Ru


Innate Abilities, Weirdness & Mutations

You have a pair of small horns on your head.
You are slightly more attuned to the shadows.


Message History

The gnoll is heavily wounded.
The gnoll hits you from afar with a spear.
The gnoll barely misses you. x2
Space bends around you!
You blink.
The gnoll barely misses you. The gnoll hits you with a halberd.
Space bends around you!
You blink.
You are too injured to fight recklessly!
You barely miss the gnoll. You headbutt the gnoll.
You kill the gnoll!
Lugonu accepts your kill.
The gnoll hits you from afar with a spear.
* * * LOW HITPOINT WARNING * * *
The gnoll barely misses you. Space bends around you!
You blink.
There is an escape hatch in the floor here.
You are too injured to fight recklessly!
You are too injured to fight recklessly!
The gnoll barely misses you.
You closely miss the gnoll. The gnoll hits you with a spear!
You die...

......#####.# ......# #.#
......#####.# ......)...#.#
......###.#_#
......###.#.#################
...........................>####
...............................#
#########.##..gg@.....#####'##.#
#.##.########.# #...#.# #.##.#
#.# #...#.# #.##g# #.# #...#+##
#.##g# #.# #.......
#########.##.########.# #.......
..........##.#........# #.......
########..#..#........# ##+#....
##### #..#.##....)...#####..##+#


You could see 2 gnolls.

Vanquished Creatures
  A gnoll (D:2)
  A worm (D:2)
  2 dart slugs (D:1)
  A leopard gecko (D:2)
  4 giant cockroaches
  6 goblins
  3 hobgoblins
  2 jackals (D:1)
  3 kobolds
  5 frilled lizards
  6 rats
34 creatures vanquished.

Notes
Turn   | Place    | Note
-------+----------+-------------------------------------------
     0 | Abyss:1  | n0claF the Demonspawn Abyssal Knight began the quest for the Orb.
     0 | Abyss:1  | Reached XP level 1. HP: 18/18 MP: 2/2
    20 | D:1      | Escaped the Abyss
   278 | D:1      | Reached skill level 1 in Dodging
   278 | D:1      | Gained mutation: You have a pair of small horns on your head. [demonic ancestry]
   278 | D:1      | Reached XP level 2. HP: 20/24 MP: 3/3
   686 | D:1      | Reached ** piety under Lugonu
   823 | D:2      | Gained mutation: You are slightly more attuned to the shadows. [demonic ancestry]
   823 | D:2      | Reached XP level 3. HP: 28/29 MP: 4/4
   851 | D:2      | Found a shattered altar of Ashenzari.
  1370 | D:2      | Found a sacrificial altar of Ru.
  1593 | D:2      | Slain by a gnoll

Skill      XL: |  1  2 |
---------------+-------+-----
Maces & Flails | 2 |  2.4
Dodging        | 1 |  1.1
Armour         | 2 |  2.2
Fighting       | |  3.7
Stealth        | |  0.2
Invocations    | |  2.5

Action                   || total
-------------------------++-------
Melee: Mace              ||   102
       Headbutt          ||    11
Invok: Bend Space        ||     3
 Stab: Sleeping          ||     2
  Eat: Chunk             ||     1
Armor: Leather armour    ||    24
Dodge: Dodged            ||    68
